 Dungeon Crawl Stone Soup version 0.23.0-28-g6fe0f4d (webtiles) character file.

Game seed: 1584748995870647707

30 Kairos the Skirmisher (level 3, 0/30 HPs)
             Began as a Formicid Abyssal Knight on Feb 25, 2019.
             Was a Follower of Lugonu.
             Slain by a kobold
             ... wielding a +0 club
              (1 damage)
             ... on level 1 of the Dungeon.
             The game lasted 00:01:29 (509 turns).

Kairos the Skirmisher (Formicid Abyssal Knight)      Turns: 509, Time: 00:01:30

Health: 0/30       AC:  3    Str: 17    XL:     3   Next: 37%
Magic:  4/4        EV: 16    Int: 11    God:    Lugonu [*.....]
Gold:   105        SH:  0    Dex: 15    Spells: 2/2 levels left

rFire    . . .     SeeInvis +   j - +1 hand axe (chop)
rCold    . . .     Gourm    .   (no shield)
rNeg     . . .     Faith    .   b - +0 leather armour
rPois    .         Spirit   .   (helmet unavailable)
rElec    .         Reflect  .   (no cloak)
rCorr    .         Harm     .   (no gloves)
MR       .....                  (no boots)
Stlth    ++........             (no amulet)
HPRegen  0.10/turn              (no ring)
MPRegen  0.09/turn              (no ring)

@: agile
A: permanent stasis, dig shafts and tunnels, four strong arms, antennae 3
a: Dig, Shaft Self, Depart the Abyss, Renounce Religion


You were on level 1 of the Dungeon.
You worshipped Lugonu.
Lugonu was aware of your devotion.
You were not hungry.

You visited 1 branch of the dungeon, and saw 1 of its levels.
You visited the Abyss 1 time.

You collected 105 gold pieces.

Inventory:

Hand Weapons
 a - a +1 hand axe
 j - a +1 hand axe of chopping (weapon)
Missiles
 l - 4 tomahawks (quivered)
Armour
 b - a +0 leather armour (worn)
Jewellery
 o - an uncursed ring of magical power {unknown}
Wands
 f - a wand of acid (10)
Scrolls
 d - a scroll of teleportation {unknown}
 e - 2 scrolls of remove curse {unknown}
 g - 2 scrolls of fear {unknown}
 i - a scroll of vulnerability {unknown}
 k - a scroll of identify {unknown}
 m - a scroll of noise {unknown}
Potions
 p - a potion of curing {unknown}
Miscellaneous
 h - a box of beasts
Comestibles
 c - 2 rations


   Skills:
 + Level 4.2 Fighting
 + Level 2.2 Axes
 + Level 2.3 Armour
 + Level 1.0 Dodging
 + Level 2.5 Invocations


You had 2 spell levels left.
You didn't know any spells.
Your spell library was empty.

Dungeon Overview and Level Annotations

Branches:
Dungeon (1/15)

Altars:


Innate Abilities, Weirdness & Mutations

You cannot be hasted, slowed, berserked, paralysed or teleported.
You can dig through walls and to a lower floor.
Your four strong arms can wield two-handed weapons with a shield.
You have a pair of large antennae on your head. (SInv)


Message History

The gnoll is severely wounded.
The gnoll closely misses you. The gnoll hits you.
You barely miss the gnoll.
The gnoll is severely wounded.
The gnoll hits you.
* * * LOW HITPOINT WARNING * * *
You hit the gnoll.
You kill the gnoll!
Lugonu accepts your kill.
Your Fighting skill increases to level 4!
The dart slug launches a dart at you. The slug dart hits you.
* * * LOW HITPOINT WARNING * * *
It was a potion of agility.
You feel agile all of a sudden. The kobold hits you but does no damage.
You closely miss the kobold.
The kobold is severely wounded.
The kobold hits you with a +0 club.
You die...

# #.. #.# #.# ##...... #
#.. ##..# #.# #....... #
. #.##..####.####...∩.<.
# #..##(.!#
#......†....... #
#......###.#.#####......
#
#..##.)(......######.....
#
......##w.........##.....
#
#####.##K##.#####.##.#.##
# #.##@##.# #.##...#
######
##.#...#.#####.####.#
.....#
##............#.###..#
####.#
#.........###.#.##...#
#.# #.........#
#.#.#.###.#
#.######.#.#...#.#
#.#..##
#.#........##.##.###.#.##
#.#......####.##.#...†.#
#.#..########.........†##
#


You could see a dart slug and a kobold.

Vanquished Creatures
  A gnoll (D:1)
  A dart slug (D:1)
  A leopard gecko (D:1)
  4 bats (D:1)
  A giant cockroach (D:1)
  3 goblins (D:1)
  A hobgoblin (D:1)
  3 kobolds (D:1)
  2 frilled lizards (D:1)
  A rat (D:1)
18 creatures vanquished.

Notes
Turn   | Place    | Note
-------+----------+-------------------------------------------
     0 | Abyss:1  | Kairos the Formicid Abyssal Knight began the quest for the
                  | Orb.
     0 | Abyss:1  | Reached XP level 1. HP: 18/18 MP: 2/2
    79 | Abyss:2  | Noticed a lich
    96 | Abyss:3  | Noticed a bone dragon
    98 | D:1      | Escaped the Abyss
   144 | D:1      | Reached * piety under Lugonu
   176 | D:1      | Reached XP level 2. HP: 19/24 MP: 3/3
   398 | D:1      | Reached skill level 1 in Dodging
   493 | D:1      | Reached XP level 3. HP: 25/30 MP: 4/4
   507 | D:1      | Reached skill level 4 in Fighting
   507 | D:1      | HP: 1/30 [dart slug/slug dart (3)]
   509 | D:1      | Slain by a kobold

Skill      XL: |  1  2  3 |
---------------+----------+-----
Dodging        | 1 |  1.0
Fighting       | 4 |  4.2
Axes           | |  2.2
Armour         | |  2.3
Invocations    | |  2.5

Action                   || total
-------------------------++-------
Melee: Hand axe          ||    51
Invok: Depart the Abyss  ||     1
  Use: Potion            ||     1
Armor: Leather armour    ||    24
Dodge: Dodged            ||    35
